A+
LANCASTER JETHAWKS @ DAYTONA TORTUGAS
05/16/2006
 
TOP OF THE 1ST
Altoona Curve batting - Pitching for Harrisburg Senators : RHP Dan Reamy
Pitching: RHP Dan Reamy
Batting: RHB Nate Stewart 0-0: SINGLE (Groundball, 6MD)
Batting: RHB Tommy Brady 0-0: SINGLE (Flyball, 78S)
Nate Stewart to second
Batting: LHB Mike Burkhardt 0-0: Foul Ball, location: 2F
0-1: Ball
1-1: Ball
2-1: Fielders Choice at 3rd, U5 (Groundball, 5L)
Tommy Brady to second
Batting: SHB Chris Robertson 0-0: Ball
1-0: Ball
2-0: Called Strike
2-1: Foul Ball, location: 2F
2-2: Foul Ball, location: 2F
2-2: Strikes out looking
Batting: RHB Danny Peters 0-0: Ball
1-0: Ball
2-0: Foul Ball, location: 2F
2-1: Called Strike
2-2: Ball
3-2: Foul Ball, location: 2F
3-2: Foul Ball, location: 2F
3-2: Base on Balls
Tommy Brady to third
Mike Burkhardt to second
Batting: RHB Steve Lawson 0-0: Foul Ball, location: 2F
0-1: Ball
1-1: Ball
2-1: Swinging Strike
2-2: Strikes out swinging
Top of the 1st over - 0 runs, 2 hits, 0 errors, 3 left on base; Altoona 0 - Harrisburg 0
BOTTOM OF THE 1ST
Harrisburg Senators batting - Pitching for Altoona Curve : LHP Mike McKeen
Pitching: LHP Mike McKeen
Batting: RHB Tim Watkins 0-0: Called Strike
0-1: Foul Ball, location: 2F
0-2: Strikes out looking
Batting: RHB Pat Dye 0-0: Ball
1-0: Ball
2-0: Ball
3-0: Called Strike
3-1: Fly out, F1 (Line Drive, P)
Batting: RHB Nate Linnartz 0-0: Ball
1-0: Called Strike
1-1: Ground out 4-3 (Groundball, 4S)
Bottom of the 1st over - 0 runs, 0 hits, 0 errors, 0 left on base; Altoona 0 - Harrisburg 0
TOP OF THE 2ND
Altoona Curve batting - Pitching for Harrisburg Senators : RHP Dan Reamy
Batting: RHB Luis Henriguez 0-0: Swinging Strike
0-1: Ball
1-1: Ball
2-1: Foul Ball, location: 2F
2-2: Ball
3-2: Foul Ball, location: 2F
3-2: Foul Ball, location: 2F
3-2: Base on Balls
Batting: RHB Billy Miller 0-0: Fly out, F9 (Flyball, 89S)
Batting: LHB Mike McKeen 0-0: Sac Bunt to P - play at first, batter OUT! 1-4
Luis Henriguez to second
Batting: RHB Nate Stewart 0-0: Ball
1-0: DOUBLE (Line Drive, 9LM)
Luis Henriguez scores
Batting: RHB Tommy Brady 0-0: Ball
1-0: Ball
2-0: Foul Ball, location: 2F
2-1: Fly out, F8 (Line Drive, 8RD)
Top of the 2nd over - 1 run, 1 hit, 0 errors, 1 left on base; Altoona 1 - Harrisburg 0
BOTTOM OF THE 2ND
Harrisburg Senators batting - Pitching for Altoona Curve : LHP Mike McKeen
Batting: RHB Jorge Pruneda 0-0: Called Strike
0-1: Swinging Strike
0-2: Ball
1-2: Fly out, F4 (Popup, 3S)
Batting: RHB Draven Huffman 0-0: Called Strike
0-1: DOUBLE (Line Drive, 7LS)
Batting: RHB Chad Brown 0-0: Called Strike
0-1: Ball
1-1: Foul Ball, location: 2F
1-2: Ball
2-2: Ball
3-2: Base on Balls
Batting: RHB Jimmy Reviere 0-0: Called Strike
0-1: Ball
1-1: Called Strike
1-2: Foul Ball, location: 2F
1-2: Ball
2-2: SINGLE (Groundball, 56D)
Draven Huffman to third
Chad Brown to second
Runner from 3rd tries for Home, SAFE, no throw by LF
Batting: LHB Kellen Walter 0-0: Fielders Choice at 2nd, 5-4 (Groundball, 5)
Chad Brown to third
Batting: RHB Dan Reamy 0-0: Swinging Strike
0-1: Ball
1-1: Fly out, F8 (Line Drive, 8RD)
Bottom of the 2nd over - 1 run, 2 hits, 0 errors, 2 left on base; Altoona 1 - Harrisburg 1
TOP OF THE 3RD
Altoona Curve batting - Pitching for Harrisburg Senators : RHP Dan Reamy
Batting: LHB Mike Burkhardt 0-0: Ball
1-0: Ball
2-0: Ball
3-0: Base on Balls
Batting: SHB Chris Robertson 0-0: Ball
1-0: Called Strike
1-1: Ball
2-1: Foul Ball, location: 2F
2-2: Ball
3-2: Foul Ball, location: 2F
3-2: Foul Ball, location: 2F
3-2: Foul Ball, location: 2F
3-2: Foul Ball, location: 2F
3-2: Strikes out swinging
Batting: RHB Danny Peters 0-0: Called Strike
0-1: Fly out, F8 (Flyball, 8LXD)
Batting: RHB Steve Lawson 0-0: Ball
1-0: Ball
2-0: Called Strike
2-1: Ball
3-1: Base on Balls
Mike Burkhardt to second
Batting: RHB Luis Henriguez 0-0: Ball
1-0: Called Strike
1-1: Ball
2-1: Ball
3-1: Foul Ball, location: 2F
3-2: Foul Ball, location: 2F
3-2: Fly out, F9 (Flyball, 89XD)
Top of the 3rd over - 0 runs, 0 hits, 0 errors, 2 left on base; Altoona 1 - Harrisburg 1
BOTTOM OF THE 3RD
Harrisburg Senators batting - Pitching for Altoona Curve : LHP Mike McKeen
Batting: RHB Tim Watkins 0-0: Ground out 6-3 (Groundball, 6)
Batting: RHB Pat Dye 0-0: Ball
1-0: Fly out, F8 (Flyball, 8LS)
Batting: RHB Nate Linnartz 0-0: Ball
1-0: Fly out, F8 (Line Drive, 8LM)
Bottom of the 3rd over - 0 runs, 0 hits, 0 errors, 0 left on base; Altoona 1 - Harrisburg 1
TOP OF THE 4TH
Altoona Curve batting - Pitching for Harrisburg Senators : RHP Dan Reamy
Batting: RHB Billy Miller 0-0: Called Strike
0-1: SINGLE (Groundball, 34D)
Batting: LHB Mike McKeen 0-0: Sac Bunt to 5S - play at first, batter OUT! 5-4
Billy Miller to second
Batting: RHB Nate Stewart 0-0: Foul Ball, location: 2F
0-1: Fly out, F8 (Line Drive, 8RD)
Batting: RHB Tommy Brady 0-0: Ball
1-0: Foul Ball, location: 2F
1-1: Fly out, F7 (Flyball, 78S)
Top of the 4th over - 0 runs, 1 hit, 0 errors, 1 left on base; Altoona 1 - Harrisburg 1
BOTTOM OF THE 4TH
Harrisburg Senators batting - Pitching for Altoona Curve : LHP Mike McKeen
Batting: RHB Jorge Pruneda 0-0: Called Strike
0-1: Ball
1-1: SINGLE (Line Drive, 8RS)
Batting: RHB Draven Huffman 0-0: Ball
1-0: DOUBLE (Flyball, 8LD)
Jorge Pruneda to third
Batting: RHB Chad Brown 0-0: Called Strike
0-1: Ball
1-1: Ball
2-1: Swinging Strike
2-2: Strikes out swinging
Batting: RHB Jimmy Reviere 0-0: Ball
1-0: Ball
2-0: Foul Ball, location: 2F
2-1: Swinging Strike
2-2: Foul Ball, location: 2F
2-2: SINGLE (Groundball, 56D)
Jorge Pruneda scores
Draven Huffman to third
Runner from 3rd tries for Home, SAFE, no throw by LF
Batting: LHB Kellen Walter 0-0: Foul Ball, location: 2F
0-1: Foul Ball, location: 2F
0-2: Ball
1-2: Foul Ball, location: 2F
Balk!
Jimmy Reviere to second
1-2: Strikes out swinging
Pinch Hitting: RHB Juan Mercado 0-0: Ball
1-0: Called Strike
1-1: Ball
2-1: Ball
3-1: Swinging Strike
3-2: Strikes out swinging
Bottom of the 4th over - 2 runs, 3 hits, 0 errors, 1 left on base; Altoona 1 - Harrisburg 3
TOP OF THE 5TH
Altoona Curve batting - Pitching for Harrisburg Senators : RHP Dan Reamy
Pitching: RHP Marc Toure
Batting: LHB Mike Burkhardt 0-0: Called Strike
0-1: Called Strike
0-2: Ball
1-2: Ball
2-2: SINGLE (Groundball, 4D)
Batting: SHB Chris Robertson 0-0: Ball
1-0: Ball
2-0: Swinging Strike
2-1: SINGLE (Line Drive, 9S)
Mike Burkhardt to second
Runner from 2nd tries for 3rd, SAFE, throw by RF made to third
Batting: RHB Danny Peters 0-0: Called Strike
0-1: Ground out U3 (Groundball, 34)
Chris Robertson to second
Batting: RHB Steve Lawson 0-0: Called Strike
0-1: Swinging Strike
0-2: Foul Ball, location: 2F
0-2: Strikes out swinging
Batting: RHB Luis Henriguez 0-0: Swinging Strike
0-1: Ball
1-1: Ball
2-1: Called Strike
2-2: Ball
3-2: Foul Ball, location: 2F
3-2: Strikes out swinging
Top of the 5th over - 0 runs, 2 hits, 0 errors, 2 left on base; Altoona 1 - Harrisburg 3
BOTTOM OF THE 5TH
Harrisburg Senators batting - Pitching for Altoona Curve : LHP Mike McKeen
Batting: RHB Tim Watkins 0-0: Bunted foul
0-1: Ball
1-1: Ball
2-1: Ball
3-1: Base on Balls
Pitching: RHP Bobby Roger
Batting: RHB Pat Dye 0-0: Called Strike
0-1: Foul Ball, location: 2F
0-2: Strikes out swinging
Batting: RHB Nate Linnartz 0-0: Called Strike
Tim Watkins steals 2nd base
0-1: Ball
1-1: Foul Ball, location: 2F
1-2: Ball
2-2: Foul Ball, location: 2F
2-2: Ball
3-2: Base on Balls
Batting: RHB Jorge Pruneda 0-0: Called Strike
0-1: Ball
1-1: Ball
2-1: Ball
3-1: Base on Balls
Tim Watkins to third
Nate Linnartz to second
Batting: RHB Draven Huffman 0-0: Ball
1-0: Foul Ball, location: 2F
1-1: Swinging Strike
1-2: Foul Ball, location: 2F
1-2: Strikes out looking
Batting: RHB Chad Brown 0-0: SINGLE (Groundball, 56D)
Tim Watkins scores
Nate Linnartz to third
Jorge Pruneda to second
Runner from 3rd tries for Home, SAFE, throw by LF to home
Batting: RHB Jimmy Reviere 0-0: Called Strike
0-1: Ball
1-1: Ball
2-1: Ground out 1-3 (Groundball, 13)
Bottom of the 5th over - 2 runs, 1 hit, 0 errors, 2 left on base; Altoona 1 - Harrisburg 5
TOP OF THE 6TH
Altoona Curve batting - Pitching for Harrisburg Senators : RHP Marc Toure
Batting: RHB Billy Miller 0-0: Ball
1-0: Ground out 4-3 (Groundball, 4)
Pinch Hitting: LHB Omari Duplessy 0-0: Ball
1-0: Ground out U3 (Groundball, 3)
Batting: RHB Nate Stewart 0-0: SINGLE (Line Drive, 4MD)
Pitching: RHP Chris Bowers
Now at C: Luis Herrera
Batting: RHB Tommy Brady 0-0: Ball
1-0: Fly out, F7 (Flyball, 7LSF)
Top of the 6th over - 0 runs, 1 hit, 0 errors, 1 left on base; Altoona 1 - Harrisburg 5
BOTTOM OF THE 6TH
Harrisburg Senators batting - Pitching for Altoona Curve : RHP Bobby Roger
Pitching: RHP Chris Nemeth
Batting: LHB Kellen Walter 0-0: Ball
1-0: Ball
2-0: Foul Ball, location: 2F
2-1: Foul Ball, location: 2F
2-2: Strikes out swinging
Batting: RHB Luis Herrera 0-0: Called Strike
0-1: Ball
1-1: SINGLE (Groundball, 6MD)
Batting: RHB Tim Watkins 0-0: Ball
1-0: SINGLE (Flyball, 7S)
Luis Herrera to second
Batting: RHB Pat Dye 0-0: Reached on error, E6 (Groundball, 6)
Luis Herrera to third
Tim Watkins to second
Batting: RHB Nate Linnartz 0-0: Ball
1-0: Called Strike
1-1: SINGLE (Groundball, 4MD)
Luis Herrera scores
Tim Watkins to third
Pat Dye to second
Runner from 3rd tries for Home, throw by CF and OUT! 8-2
Batting: RHB Jorge Pruneda 0-0: Ball
1-0: Ball
2-0: Fly out, F8 (Flyball, 8RS)
Bottom of the 6th over - 1 run, 3 hits, 1 error, 2 left on base; Altoona 1 - Harrisburg 6
TOP OF THE 7TH
Altoona Curve batting - Pitching for Harrisburg Senators : RHP Chris Bowers
Batting: LHB Mike Burkhardt 0-0: Called Strike
0-1: Called Strike
0-2: Ball
1-2: Strikes out swinging
Batting: SHB Chris Robertson 0-0: Called Strike
0-1: Ball
1-1: Called Strike
1-2: Strikes out swinging
Batting: RHB Danny Peters 0-0: Called Strike
0-1: Foul Ball, location: 2F
0-2: Strikes out swinging
Top of the 7th over - 0 runs, 0 hits, 0 errors, 0 left on base; Altoona 1 - Harrisburg 6
BOTTOM OF THE 7TH
Harrisburg Senators batting - Pitching for Altoona Curve : RHP Chris Nemeth
Batting: RHB Draven Huffman 0-0: Ball
1-0: Ball
2-0: Fly out, F8 (Flyball, 8LD)
Pinch Hitting: RHB Juan Yanes 0-0: Ball
1-0: Ground out 1-3 (Groundball, P)
Batting: RHB Jimmy Reviere 0-0: Called Strike
0-1: Ball
1-1: Ball
2-1: DOUBLE (Flyball, 8LD)
Batting: LHB Kellen Walter 0-0: Ground out 5-3 (Groundball, 56)
Bottom of the 7th over - 0 runs, 1 hit, 0 errors, 1 left on base; Altoona 1 - Harrisburg 6
TOP OF THE 8TH
Altoona Curve batting - Pitching for Harrisburg Senators : RHP Chris Bowers
Pitching: RHP Sergio Padilla
Batting: RHB Steve Lawson 0-0: Ball
1-0: Called Strike
1-1: Swinging Strike
1-2: DOUBLE (Flyball, 78XD)
Batting: RHB Luis Henriguez 0-0: Ball
1-0: Ball
2-0: Foul Ball, location: 2F
2-1: Ball
3-1: Base on Balls
Pitching: RHP Dashawn Mondesir
Batting: RHB Billy Miller 0-0: Called Strike
0-1: Ball
1-1: Called Strike
1-2: Ball
2-2: Strikes out swinging
Pinch Hitting: RHB Tim Serman 0-0: Ball
1-0: Foul Ball, location: 2F
1-1: Ball
2-1: Ball
3-1: Swinging Strike
3-2: Fly out, F7 (Flyball, 78M)
Batting: RHB Nate Stewart 0-0: Ground out 5-3 (Groundball, 56S)
Top of the 8th over - 0 runs, 1 hit, 0 errors, 2 left on base; Altoona 1 - Harrisburg 6
BOTTOM OF THE 8TH
Harrisburg Senators batting - Pitching for Altoona Curve : RHP Chris Nemeth
Pitching: RHP Gene Kazmierski
Batting: RHB Luis Herrera 0-0: Called Strike
0-1: Foul Ball, location: 2F
0-2: Ball
1-2: SINGLE (Groundball, 56D)
Batting: RHB Tim Watkins 0-0: Ball
1-0: Fielders Choice at 2nd, 6-4 (Groundball, 6)
Batting: RHB Pat Dye 0-0: Called Strike
Tim Watkins steals 2nd base
0-1: Ball
1-1: Ball
2-1: Ball
3-1: Called Strike
3-2: Base on Balls
Batting: RHB Nate Linnartz 0-0: Ball
1-0: Ball
2-0: Fielders Choice at 2nd, 1-4 (Groundball, 15S)
Tim Watkins to third
Batting: RHB Jorge Pruneda 0-0: Called Strike
0-1: Foul Ball, location: 2F
0-2: Strikes out swinging
Bottom of the 8th over - 0 runs, 1 hit, 0 errors, 2 left on base; Altoona 1 - Harrisburg 6
TOP OF THE 9TH
Altoona Curve batting - Pitching for Harrisburg Senators : RHP Dashawn Mondesir
Batting: RHB Tommy Brady 0-0: SOLO HOME RUN (Flyball, 7D), Distance : 379 ft
Batting: LHB Mike Burkhardt 0-0: Called Strike
0-1: Called Strike
0-2: Ball
1-2: Ball
2-2: Ground out 1-3 (Groundball, 23)
Batting: SHB Chris Robertson 0-0: Ball
1-0: Foul Ball, location: 2F
1-1: SOLO HOME RUN (Flyball, 78XD), Distance : 420 ft
Pitching: LHP Ken Henkel
Batting: RHB Danny Peters 0-0: Ball
1-0: Ball
2-0: Called Strike
2-1: Fly out, F7 (Flyball, 78D)
Batting: RHB Steve Lawson 0-0: Called Strike
0-1: Foul Ball, location: 2F
0-2: Ball
1-2: Foul Ball, location: 2F
1-2: Ball
2-2: Fly out, F8 (Line Drive, 8LM)
Top of the 9th over - 2 runs, 2 hits, 0 errors, 0 left on base; Altoona 3 - Harrisburg 6
Wednesday, January 2nd, 2019 - OOTP Baseball 19.11 Build 129